 Dungeon Crawl Stone Soup version 0.30-a0-954-gcf5f444c16 (webtiles) character file.

Game seed: 10214265920078486126

16 Jane2 the Ducker (level 2, 0/21 HPs)
             Began as an Octopode Fighter on Mar 29, 2023.
             Slain by an endoplasm (2 damage)
             ... on level 2 of the Dungeon.
             The game lasted 00:02:39 (1085 turns).

Jane2 the Ducker (Octopode Fighter)                 Turns: 1085, Time: 00:02:39

Health: 0/21       AC:  1    Str: 15    XL:     2   Next: 54%
Magic:  2/2        EV: 13    Int: 10    God:
Gold:   70         SH:  4    Dex: 11    Spells: 1/1 levels left

rFire   . . .      SeeInvis .    a - +0 rapier
rCold   . . .      Faith    .    b - +0 buckler
rNeg    . . .      Spirit   .    (helmet restricted)
rPois   .          Reflect  .    (no amulet)
rElec   .          Rampage  .    (no ring)
rCorr   .                        (no ring)
Will    .....                    (no ring)
Stlth   ++                       (no ring)
HPRegen 0.23/turn                (no ring)
MPRegen 0.08/turn                (no ring)
                                 (no ring)
                                 (no ring)

@: no status effects
A: almost no armour, amphibious, 8 rings, camouflage 1, gelatinous body 1,
(nimble swimmer 1), tentacles
a: no special abilities


You were on level 2 of the Dungeon.
You visited 1 branch of the dungeon, and saw 2 of its levels.

You collected 70 gold pieces.

Inventory:

Hand Weapons
 a - a +0 rapier (weapon)
Armour
 b - a +0 buckler (worn)
Jewellery
 h - a +6 ring of intelligence
Scrolls
 f - a scroll of magic mapping {unknown}
 g - 2 scrolls of identify {unknown}
Potions
 c - 2 potions of might
 d - a potion of lignification {unknown}
 e - 2 potions of curing {unknown}
 i - 2 potions of heal wounds {unknown}


   Skills:
 + Level 3.1 Fighting
 + Level 2.1 Short Blades
 + Level 3.3 Dodging
 + Level 0.2 Stealth
 + Level 3.2 Shields


You had one spell level left.
You didn't know any spells.
Your spell library contained the following spells:

 Spells                   Type           Power      Damage    Failure   Level
 Lesser Beckoning         Tloc           0%         N/A       58%         2
 Gell's Gravitas          Tloc           0%         N/A       83%         3
 Teleport Other           Tloc           0%         N/A       83%         3


Dungeon Overview and Level Annotations

Branches:
Dungeon (2/15)

Altars:


Innate Abilities, Weirdness & Mutations

You cannot wear most types of armour.
You are amphibious.
You can wear up to eight rings at the same time.
Your skin changes colour to match your surroundings (Stealth+).
Your rubbery body absorbs attacks. (AC +1, EV +1)
((You are camouflaged when in or above water. (Stealth+)))
You have tentacles for arms and can constrict up to eight enemies at once.


Message History

You start resting.
HP restored.
Found an escape hatch in the ceiling.
Found a stone staircase leading up.
An endoplasm and a ball python come into view.
There are monsters nearby!
A kobold and a giant cockroach come into view.
You barely miss the giant cockroach.
The kobold shouts!
You grab the giant cockroach. You constrict the giant cockroach.
The endoplasm freezes you.
You are frozen.
The giant cockroach bites you.
The ball python hisses angrily.
You hit the giant cockroach.
The giant cockroach is severely wounded.
You constrict the giant cockroach, but do no damage.
The endoplasm completely misses you. The giant cockroach barely misses you.
The endoplasm freezes you.
You are frozen.
The giant cockroach bites you.
You release your grip on the giant cockroach.
The endoplasm attacks as you move away! You block the endoplasm's attack.
The giant cockroach closely misses you. The kobold closely misses you.
The giant cockroach attacks as you move away!
The giant cockroach closely misses you. The endoplasm attacks as you move away!
The endoplasm hits you.
The kobold hits you with a +0 short sword.
You hit the giant cockroach.
You kill the giant cockroach!
The kobold barely misses you. The endoplasm freezes you.
You are frozen.
* * * LOW HITPOINT WARNING * * *
You closely miss the kobold. Your grab misses the kobold.
You squeeze the kobold, but do no damage.
The kobold barely misses you. The endoplasm freezes you.
You are frozen.
* * * LOW HITPOINT WARNING * * *
The endoplasm attacks as you move away! The endoplasm hits you.
You die...

######################..
#.......................
##.#############.<......
#..# #######....###..
###.#####.<..>..####
..........#.....#
..##....###.###############.
#.#####.#........K..........
#...............@J.S...#
#######.#.#########....#
.....##...### #....#
............# #.......
.......####..# #....#...
............... .......#..
#####[######.## #.....## .
......# #.....# .######


You could see an endoplasm, a ball python and a kobold.

Vanquished Creatures
  3 ball pythons
  An endoplasm (D:1)
  3 giant cockroaches
  5 kobolds
  A frilled lizard (D:1)
  2 rats (D:1)
15 creatures vanquished.

Notes
Turn   | Place    | Note
-------+----------+-------------------------------------------
     0 | D:1      | Jane2 the Octopode Fighter began the quest for the Orb.
     0 | D:1      | Reached XP level 1. HP: 16/16 MP: 1/1
   335 | D:1      | Reached XP level 2. HP: 21/21 MP: 2/2
  1083 | D:2      | HP: 1/21 [frozen (4)]
  1085 | D:2      | Slain by an endoplasm

Illustrated notes

Levels and vault maps discovered:
D:1:      denvon_arrival_waterhouse, layout_basic
D:2:      minmay_evil_eye, layout_rooms

Action                     || total
---------------------------++-------
  Melee: Rapier            ||    31
         Constrict         ||    10
         Tentacles         ||     9
   Stab: Sleeping          ||     2
 Armour: Skin              ||     1
  Dodge: Dodged            ||    22
  Block: Buckler           ||     7

Table legend: (Time is in decaauts)
 A = Elapsed time spent in this place.
 B = Non-inter-level travel time spent in this place.
 C = Inter-level travel time spent in this place.
 D = Time resting spent in this place.
 E = Time spent auto-exploring this place.
 F = Levels seen in this place.
 G = Mean time per level.
                   A        B        C        D        E       F      G
               +--------+--------+--------+--------+--------+-----+--------+
         Total |   1089 |   1038 |     51 |     28 |    798 |   2 |  544.5 |
       Dungeon |   1089 |   1038 |     51 |     28 |    798 |   2 |  544.5 |
               +--------+--------+--------+--------+--------+-----+--------+

Top non-repeatable levels by time:
     D:1: 957 daAuts
     D:2: 132 daAuts
